AoeStats
← Zzzzy咩

Black Forest

503794541Analyzed
4v4 RM · 29d ago on Sep 2, 2026· 34m 48s· 8 players
Game mode
Random Map
Map size
Large (8 player)
Population
200
Speed
Normal
Resources
Standard
Victory
Conquest
Starting age
Dark Age
Ending age
Imperial Age
RankedLock teamsTeams togetherTeam positionsShared explorationLock speedFull tech treeHidden civsTurbo modeCheats
Victory
Defeat
🇮🇳 Persians · India
1146
+34
1118
+18
🇦🇺 Shu · Australia
1091
+19
🇨🇳 Cumans · China
1046
+21
1300
-24
🇫🇷 Bohemians · France
1210
-21
🇨🇳 Celts · China
1085
-15
🇨🇳 Goths · China
1016
-12
arsenalchelsea2
5:16 Loom
11:04 Feudal Age
15:10 Castle Age
13:46 Double-Bit Axe
15:57 Bow Saw
20:04 Fishing Lines
24:14 Gillnets
27:07 Wheelbarrow
28:23 Horse Collar
32:54 Imperial Age
31:46 Hand Cart
31:16 Town Watch
31:40 Caravan
32:38 Scale Barding Armor
32:46 Bloodlines
32:37 Husbandry
33:38 Stone Mining
33:42 Gold Mining
34:16 Chain Barding Armor
34:07 Forging
34:53 Conscription
浮槎万里获星河
0:29 Loom
12:06 Feudal Age
17:59 Castle Age
16:04 Double-Bit Axe
16:01 Horse Collar
19:35 Wheelbarrow
21:23 Chemistry
28:09 Padded Archer Armor
33:51 Imperial Age
31:29 Town Watch
33:33 Fortified Wall
35:12 Conscription
islesofurth
0:26 Loom
16:14 Feudal Age
17:23 Double-Bit Axe
20:55 Fletching
24:15 Castle Age
22:57 Padded Archer Armor
22:54 Horse Collar
24:18 Crossbowman
24:56 Bodkin Arrow
25:22 Thumb Ring
27:01 Leather Archer Armor
28:15 Gold Mining
28:37 Scale Mail Armor
28:37 Stone Mining
29:46 Wheelbarrow
29:59 Ballistics
33:29 Hand Cart
34:22 Chain Mail Armor
啊丸子
9:41 Feudal Age
10:15 Double-Bit Axe
10:12 Horse Collar
19:50 Castle Age
18:09 Gold Mining
19:04 Scale Barding Armor
19:09 Forging
19:42 Wheelbarrow
18:53 Loom
19:54 Forging
19:58 Bloodlines
20:08 Town Watch
19:58 Capped Ram
24:05 Loom
30:18 Bow Saw
30:10 Heavy Plow
34:33 Chain Barding Armor
34:48 Iron Casting
34:41 Hand Cart
37:52 Imperial Age
35:44 Chain Barding Armor
35:59 Iron Casting
Digit
0:33 Loom
12:18 Feudal Age
16:30 Castle Age
14:55 Double-Bit Axe
22:47 Wheelbarrow
22:52 Pikeman
30:52 Chemistry
30:44 Forging
30:59 Hand Cart
32:37 Ballistics
32:49 Fervor
34:29 Bow Saw
34:01 Horse Collar
Zzzzy咩
0:59 Loom
12:02 Feudal Age
15:55 Castle Age
14:52 Double-Bit Axe
15:31 Horse Collar
24:24 Wheelbarrow
26:43 Hand Cart
28:47 Gold Mining
28:48 Stone Mining
29:21 Squires
28:41 Pikeman
32:44 Imperial Age
30:10 Town Watch
30:39 Bow Saw
30:32 Heavy Plow
31:51 Forging
31:41 Scale Mail Armor
34:02 Iron Casting
33:42 Chain Mail Armor
35:01 Conscription
34:44 Anarchy
34:05 Elite Huskarl
34:23 Halberdier
雨あめrian
0:27 Loom
17:55 Feudal Age
23:44 Castle Age
22:57 Double-Bit Axe
22:57 Horse Collar
23:15 Fletching
27:12 Bodkin Arrow
34:09 Heavy Plow
34:20 Bow Saw
灯窝森曾瑞卜药方松滴
0:38 Loom
11:15 Feudal Age
15:23 Castle Age
15:06 Double-Bit Axe
15:03 Horse Collar
17:16 Bow Saw
23:01 Pikeman
24:02 Scale Mail Armor
24:13 Forging
33:47 Gold Mining
33:48 Stone Mining
35:12 Wheelbarrow
Connection lost

Rejoining the realm…

Still unreachable

The connection could not be restored.

Session expired

The server has moved on; the page needs a fresh start.